 Dungeon Crawl Stone Soup version 0.31.0 (webtiles) character file.

Game seed: 9187773236542307990

941 allie the Magician (level 7, -6/30 (36) HPs)
             Began as a Deep Elf Alchemist on Jan 20, 2024.
             Mangled by a wight
             ... wielding a +0 mace
              (8 damage)
             ... on level 5 of the Dungeon.
             The game lasted 00:39:10 (5934 turns).

allie the Magician (Deep Elf Alchemist)             Turns: 5934, Time: 00:39:11

HP:   -6/30 (36)    AC:  4    Str:  5    XL:     7   Next: 88%
MP:   6/20          EV: 14    Int: 22    God:
Gold: 328           SH:  0    Dex: 21    Spells: 15/21 levels left

rFire   . . .        e - +2 dagger (protect)
rCold   . . .        (no shield)
rNeg    . . .        a - +0 robe
rPois   .            (no helmet)
rElec   .            (no cloak)
rCorr   .            A - +0 pair of gloves
SInv    .            i - +0 pair of boots
Will    .....        (no amulet)
Stlth   +++          J - +6 ring of dexterity
HPRegen 0.25/turn    (no ring)
MPRegen 0.17/turn

%: no passive effects
@: about to teleport, heavily drained
A: no striking features
a: no special abilities


You were on level 5 of the Dungeon.
You visited 1 branch of the dungeon, and saw 6 of its levels.
You also visited: Sewer.

You collected 350 gold pieces.
You spent 22 gold pieces at shops.

Inventory:

Hand Weapons
 e - a +2 dagger of protection (weapon)
 G - a +4 quarterstaff of chaos
Missiles
 z - 2 throwing nets (quivered)
Armour
 a - a +0 robe (worn)
 g - a scarf of shadows
 i - a +0 pair of boots (worn)
 A - a +0 pair of gloves (worn)
Magical Staves
 D - a staff of air
Jewellery
 J - a +6 ring of dexterity (left hand)
Wands
 E - a wand of paralysis (12)
 F - a wand of polymorph (10)
Scrolls
 c - 2 scrolls of vulnerability {unknown}
 f - 5 scrolls of teleportation
 k - 3 scrolls of revelation {unknown}
 n - 3 scrolls of brand weapon {unknown}
 o - 2 scrolls of silence {unknown}
 p - 2 scrolls of enchant armour {unknown}
 q - 7 scrolls of identify
 r - a scroll of immolation {unknown}
 v - a scroll of torment {unknown}
 w - 2 scrolls of fear {unknown}
 x - a scroll of blinking {unknown}
 B - 2 scrolls of poison {unknown}
 C - a scroll of amnesia {unknown}
Potions
 b - a potion of magic
 d - 2 potions of heal wounds {unknown}
 j - 2 potions of haste {unknown}
 l - 2 potions of ambrosia {unknown}
 m - a potion of brilliance {unknown}
 s - a potion of resistance {unknown}
 t - 3 potions of mutation
 u - 3 potions of enlightenment


   Skills:
 + Level 3.8 Dodging
 + Level 3.2 Stealth
 + Level 7.8 Spellcasting
 + Level 4.1 Conjurations
 + Level 1.3 Air Magic
 + Level 6.3 Alchemy
 + Level 0.1 Evocations


You had 15 spell levels left.
You knew the following spells:

 Your Spells              Type           Power      Damage    Failure   Level
a - Sting                 Conj/Alch      100%       1d9       1%          1
b - Mercury Vapours       Alch/Air       50%        N/A       2%          2
c - Mephitic Cloud        Conj/Alch/Air  26%        N/A       4%          3

Your spell library contained the following spells:

 Spells                   Type           Power      Damage    Failure   Level
 Olgreb's Toxic Radiance  Alch           36%        N/A       5%          4
 Necrotise                Necr           32%        1d5       8%          1
 Leda's Liquefaction      Alch/Erth      11%        N/A       21%         4
 Petrify                  Alch/Erth      22%        N/A       21%         4
 Sticky Flame             Fire/Alch      22%        2d6       21%         4
 Frozen Ramparts          Ice            16%        1d3       22%         3
 Gell's Gravitas          Tloc           8%         N/A       22%         3
 Teleport Other           Tloc           8%         N/A       22%         3
 Vampiric Draining        Necr           8%         2d6       22%         3
 Martyr's Knell           Necr/Summ      8%         N/A       58%         4
 Curse of Agony           Necr           8%         N/A       91%         5
 Metabolic Englaciation   Hex/Ice        4%         N/A       91%         5
 Dispersal                Tloc           4%         N/A       100%        6


Dungeon Overview and Level Annotations

Branches:
Dungeon (6/15)              Sewer (visited)
 Temple: D:4-7

Altars:

Shops:
D:3 ?   D:4 :


Message History

The sting misses the wight.
The sting hits the wight but does no damage.
The wight barely misses you.
A wight comes into view. It is wielding a +3 trident.
Casting: Sting (safe; 1% risk of failure)
Confirm with . or Enter, or press ? or * to list all spells.
Aiming: Sting (safe; 1% risk of failure)
Press: ? - help, Shift-Dir - straight line, f/p - wight
Aim: a wight, wielding a +2 dagger and wearing a +0 robe (weak, 78% to hit)
The sting hits the wight.
The wight is moderately damaged.
The gnoll seems less confused.
The wight hits you with a +0 mace.
Casting: Sting (safe; 1% risk of failure)
Confirm with . or Enter, or press ? or * to list all spells.
Aiming: Sting (safe; 1% risk of failure)
Press: ? - help, Shift-Dir - straight line, f/p - wight
Aim: a wight, wielding a +2 dagger and wearing a +0 robe (weak, 78% to hit)
The sting hits the wight.
The wight partially resists.
The wight is moderately damaged.
A wight comes into view. It is wielding a +0 falchion.
The wight hits you with a +0 mace.
* * * LOW HITPOINT WARNING * * *
Your magical contamination has completely faded away.
You feel better.
The gnoll is engulfed in noxious fumes.
The gnoll appears confused.
The gnoll closely misses the wight.
The wight barely misses you.
The gnoll is engulfed in noxious fumes.
The gnoll appears confused.
The gnoll is engulfed in noxious fumes.
The gnoll appears confused.
The gnoll hits the wight with a +0 halberd.
The wight is no longer weakened.
The gnoll hits something but does no damage.
The wight attacks as it pursues you! The wight misses you.
The wight attacks as it pursues you! The wight hits you with a +0 mace!
* * * LOW HITPOINT WARNING * * *
You feel drained.
* * * LOW HITPOINT WARNING * * *
As you read the scroll labelled MAM ONAMOOCWYRCH, it crumbles to dust.
You feel strangely unstable.
It was a scroll of teleportation.
The wight hits you with a +0 mace!
You die...

.... ..... ####### .....
##.....####.....
##########...............
#.......zz@.....# #......
#........##.....##.......
#..z.....##.....#.......#
#####..########.....#.......#
#)..g..#8... ##.............#
...z###..#.....#......##.....##
..## #..#..>..#......##.....##
. ####.....####...........#
#.⌠.⌠. ##............##


You could see 3 wights.

Vanquished Creatures
  A water moccasin (D:5)
  2 ogres
  A brain worm (Sewer)
  2 scorpions (D:5)
  A howler monkey (D:4)
  A hound (D:5)
  An orc priest (D:3)
  Crazy Yiuf (D:3)
  An iguana (D:5)
  An orc wizard (D:5)
  4 gnolls (D:5)
  3 river rats
  9 adders
  A shadow imp (D:5)
  2 dart slugs
  5 ribbon worms
  10 orcs
  17 ball pythons
  11 bats
  12 endoplasms
  8 giant cockroaches
  11 hobgoblins
  5 jackals (Sewer)
  3 quokkas
  2 frilled lizards
  11 goblins
  7 kobolds
  4 rats
137 creatures vanquished.

Notes
Turn   | Place    | Note
-------+----------+-------------------------------------------
     0 | D:1      | allie the Deep Elf Alchemist began the quest for the Orb.
     0 | D:1      | Reached XP level 1. HP: 10/10 MP: 6/6
   374 | D:1      | Reached XP level 2. HP: 15/15 MP: 8/8
  1184 | D:2      | Reached XP level 3. HP: 19/19 MP: 5/9
  1253 | D:2      | Learned a level 2 spell: Mercury Vapours
  1257 | D:2      | Learned a level 3 spell: Mephitic Cloud
  1795 | D:2      | Found a faded altar of an unknown god.
  1826 | D:2      | Reached skill level 4 in Spellcasting
  2160 | D:2      | Reached XP level 4. HP: 19/24 MP: 7/12
  2848 | D:3      | Found a glowing drain.
  2857 | Sewer    | Entered a sewer
  2990 | Sewer    | Reached skill level 5 in Spellcasting
  2991 | Sewer    | Noticed a brain worm
  3032 | Sewer    | Killed a brain worm
  3033 | Sewer    | Reached XP level 5. HP: 23/28 MP: 0/15
  3899 | D:3      | Reached skill level 5 in Alchemy
  3903 | D:3      | Reached XP level 6. HP: 30/32 MP: 9/16
  4021 | D:3      | Found a runed translucent door.
  4022 | D:3      | Noticed Crazy Yiuf
  4314 | D:3      | Found Nounnerr's Magic Scroll Shoppe.
  4327 | D:3      | Bought a scroll of identify for 22 gold pieces
  4523 | D:3      | Killed Crazy Yiuf
  4524 | D:3      | Reached skill level 6 in Spellcasting
  4524 | D:3      | Reached skill level 1 in Air Magic
  4900 | D:4      | You fall into a shaft and drop 2 floors!
  4985 | D:5      | Entered Level 5 of the Dungeon
  5002 | D:5      | Noticed a water moccasin
  5028 | D:5      | Killed a water moccasin
  5029 | D:5      | Reached XP level 7. HP: 9/36 MP: 4/19
  5051 | D:5      | Reached skill level 7 in Spellcasting
  5578 | D:4      | Found Cacveemp's Tremendous Tomes.
  5934 | D:5      | Mangled by a wight

Illustrated notes

Levels and vault maps discovered:
D:1:      dpeg_arrival_round_c, layout_loops_ring, dk_noncrumbling_3
D:2:      layout_loops_ring, dreamdust_ecumenical_altar_grove,
          minmay_fractal_squares_5
D:3:      layout_rooms, lightli_sewer_entry_pipes, serial_shops,
          nicolae_shop_advertising_works [nicolae_subvault_shop_adworks],
          uniq_crazy_yiuf_cottage
D:4:      layout_cave_pools, serial_column_ruins, column_ruins_open_small,
          column_ruins_open_tiny, column_ruins_open_tiny, st_stairs_14,
          nicolae_shop_i_like_big_books
D:5:      layout_rooms, minmay_temple_entry_from_below_b
D:6:      minmay_angry_zag, layout_gridville,
          nicolae_concentric_dashed_squares_wild, nicolae_letterblocks
          [nicolae_letter_subblock, nicolae_letter_subblock,
          nicolae_letter_subblock, nicolae_letter_subblock,
          nicolae_letter_subblock, nicolae_letter_subblock,
          nicolae_letter_subblock, nicolae_letter_subblock,
          nicolae_letter_subblock, nicolae_letter_subblock,
          nicolae_letter_subblock, nicolae_letter_subblock,
          nicolae_letter_subblock, nicolae_letter_subblock,
          nicolae_letter_subblock, nicolae_letter_subblock,
          nicolae_letter_subblock, nicolae_letter_subblock,
          nicolae_letter_subblock, nicolae_letter_subblock,
          nicolae_letter_subblock, nicolae_letter_subblock,
          nicolae_letter_subblock, nicolae_letter_subblock,
          nicolae_letter_subblock]

Skill      XL: |  1  2  3  4  5  6  7 |
---------------+----------------------+-----
Alchemy        | 4 5 6 |  6.3
Spellcasting   | 4 5 6 7 |  7.8
Conjurations   | 2 3 4 |  4.1
Dodging        | 3 |  3.8
Air Magic      | 1 |  1.3
Stealth        | 3 |  3.2
Evocations     | |  0.1

Action                     |  1- 3 |  4- 6 |  7- 9 || total
---------------------------+-------+-------+-------++-------
  Melee: Dagger            |    23 |    18 |    29 ||    70
   Cast: Sting             |    79 |   151 |    41 ||   271
         Mercury Vapours   |    12 |     4 |     7 ||    23
         Mephitic Cloud    |       |     9 |     5 ||    14
  Evoke: Wand              |       |       |     2 ||     2
    Use: Potion            |       |       |     2 ||     2
         Scroll            |       |       |     1 ||     1
   Stab: Confused          |       |     1 |     1 ||     2
         Sleeping          |       |     1 |       ||     1
 Armour: Robe              |    25 |    54 |    30 ||   109
  Dodge: Dodged            |    66 |    72 |    38 ||   176
